 Dungeon Crawl Stone Soup version 0.20.1-1-g8b1a95d (webtiles) character file.

3698 TheGuigne the Cleaver (level 10, 0/83 HPs)
             Began as a Hill Orc Fighter on Aug 15, 2017.
             Was a Follower of Qazlal.
             Succumbed to a killer bee's poison
             ... on level 7 of the Dungeon.
             The game lasted 00:16:31 (7069 turns).

TheGuigne the Cleaver (Hill Orc Fighter)            Turns: 7069, Time: 00:16:32

Health: 0/83       AC: 13    Str: 20    XL:     10   Next: 13%
Magic:  18/19      EV:  8    Int:  9    God:    Qazlal [*.....]
Gold:   355        SH: 11    Dex: 10    Spells: 9/9 levels left

rFire    . . .     SeeInvis .   a - +0 war axe
rCold    + . .     Gourm    .   c - +0 shield
rNeg     . . .     Faith    .   Q - +3 ring mail {rC+}
rPois    .         Spirit   .   u - +0 helmet
rElec    .         Reflect  .   D - +0 cloak
rCorr    .         Harm     .   (no gloves)
MR       .....                  (no boots)
Stlth    ..........             (no amulet)
Regen    0.3/turn               d - ring of magical power
MPRegen  0.2/turn               (no ring)

@: lethally poisoned (0 -> -12)
A: frail 1, shaggy fur 1, weak 1, subdued magic 1
a: Renounce Religion


You were on level 7 of the Dungeon.
You worshipped Qazlal.
Qazlal was aware of your devotion.
You were not hungry.

You visited 1 branch of the dungeon, and saw 8 of its levels.

You collected 355 gold pieces.

Inventory:

Hand Weapons
 a - a +0 war axe (weapon)
 J - a +2 battleaxe of electrocution
Missiles
 k - 27 poisoned needles
 L - 6 curare-tipped needles
Armour
 c - a +0 shield (worn)
 e - a +0 plate armour
 q - a +2 ring mail of magic resistance
 u - a +0 helmet (worn)
 A - the cursed +1 robe of Unambiguity {*Contam rCorr Int+2, unknown}
   (You found it on level 4 of the Dungeon)

   It affects your intelligence (+2).
   It causes magical contamination when unequipped.
   It protects you from acid and corrosion.
   It has a curse placed upon it.
 D - a +0 cloak (worn)
 Q - a +3 ring mail of cold resistance (worn)
Jewellery
 b - an uncursed ring of teleportation
 d - a ring of magical power (left hand)
 y - a +2 amulet of reflection {unknown}
 I - an uncursed ring of magical power
Wands
 o - a wand of lightning (0/15)
 E - a wand of lightning (0/15)
 M - a wand of digging (13/24)
Scrolls
 g - 2 scrolls of amnesia
 i - a scroll of noise {unknown}
 l - a scroll of immolation {unknown}
 m - a scroll of recharging {unknown}
 p - 2 scrolls of teleportation {unknown}
 z - 2 scrolls of magic mapping {unknown}
 F - a scroll of enchant weapon {unknown}
 G - a scroll of fog {unknown}
 H - 2 scrolls of enchant armour {unknown}
Potions
 j - a potion of haste {unknown}
 n - a potion of cancellation {unknown}
 t - 3 potions of curing
 v - 3 potions of magic
 x - a potion of heal wounds
 B - 2 potions of invisibility {unknown}
 C - a potion of experience {unknown}
 K - a potion of degeneration {unknown}
 O - a potion of agility {unknown}
 P - 3 potions of flight {unknown}
Comestibles
 f - 5 bread rations
 h - a chunk of flesh
 r - a royal jelly
 s - 5 fruits
 w - 3 meat rations


   Skills:
 + Level 9.9 Fighting
 - Level 12.1 Axes
 + Level 9.0 Armour
 - Level 3.2 Shields


You had 9 spell levels left.
You didn't know any spells.

Dungeon Overview and Level Annotations

Branches:
Dungeon (8/15)             Temple (0/1) D:5
   Lair: D:8-11

Altars:
Cheibriados
Makhleb
Okawaru
Qazlal
Ru
Yredelemnul
Zin

Annotations:
D:8 Erica, Grum


Innate Abilities, Weirdness & Mutations

You are frail. (-10% HP)
You are covered in fur. (AC +1)
You are weak. (Str -2)
Your spells are a little easier to cast, but a little less powerful.


Message History

You feel sick.
The ogre shouts!
You feel sick.
There is a stone staircase leading up here.
You closely miss the killer bee.
You feel sick. The killer bee stings you!
* * * LOW HITPOINT WARNING * * *
You block the killer bee's attack.
The killer bee stings you but does no damage.
You climb upwards.
You feel sick.
There is a stone staircase leading down here.
You completely miss the killer bee. The killer bee closely misses you.
You completely miss the killer bee.
You feel sick.
The killer bee is engulfed in blazing flames.
The killer bee stings you.
* * * LOW HITPOINT WARNING * * *
You are more poisoned.
The killer bee poisons you!
You closely miss the killer bee.
The killer bee is heavily wounded.
You die...

..#...#.....#..............#.....
..#####.....#.....##.......######
..# #.....#.....##.......#.....
..# #.....#..............#.....
..# #.....#.....##.......##....
..# #.....'.....##.......##....
..#####.....#..............#.....
............#..............#.....
............#..y@..........'.....
............#####'#######'###....
............................#....
............................#....
..##+##.....................#....
..#...#.....................#####
###...#)......)..................
......#..............#######.....
.##...#........####### #.....


You could see a killer bee.

Vanquished Creatures
  The ghost of bgiannan the Fighter, a novice GrFi of Okawaru (D:5)
  Joseph (D:7)
  Duvessa (D:6)
  An orc warrior (D:7)
  A sky beast (D:6)
  An ice beast (D:7)
  5 phantoms
  3 ogres (D:4)
  A wolf (D:8)
  3 centaurs
  Blork the orc (D:5)
  2 big kobolds
  A bullfrog (D:5)
  Dowan (D:6)
  2 scorpions
  2 howler monkeys
  3 crimson imps
  A bullfrog zombie (D:5)
  A bullfrog skeleton (D:6)
  A centaur skeleton (D:4)
  3 hounds
  2 jellies (D:7)
  5 orc priests
  3 orc wizards
  Crazy Yiuf (D:4)
  Ijyb (D:4)
  An iguana (D:6)
  Natasha (thrice) (D:4)
  5 worker ants
  A hound skeleton (D:4)
  Robin (D:2)
  6 gnolls
  6 adders
  3 shadow imps
  An ooze (D:5)
  An adder zombie (D:5)
  2 worms
  3 dart slugs
  4 leopard geckos
  11 orcs
  7 bats
  6 giant cockroaches
  17 goblins
  3 hobgoblins
  A jackal (D:4)
  3 quokkas
  2 ball pythons (D:1)
  A ball python skeleton (D:4)
  A frilled lizard (D:5)
  7 kobolds
  A leopard gecko zombie (D:7)
  6 rats
151 creatures vanquished.

Notes
Turn   | Place    | Note
-------+----------+-------------------------------------------
     0 | D:1      | TheGuigne the Hill Orc Fighter began the quest for the Orb.
     0 | D:1      | Reached XP level 1. HP: 19/19 MP: 1/1
    56 | D:1      | Reached skill level 3 in Axes
    56 | D:1      | Reached XP level 2. HP: 14/26 MP: 2/2
   220 | D:1      | Reached skill level 4 in Axes
   584 | D:1      | Reached XP level 3. HP: 31/31 MP: 3/3
   823 | D:2      | Reached skill level 5 in Axes
  1226 | D:2      | Noticed Robin
  1243 | D:2      | Killed Robin
  1243 | D:2      | Reached XP level 4. HP: 39/39 MP: 4/4
  1307 | D:2      | Found a glowing silver altar of Zin.
  1491 | D:3      | Reached skill level 6 in Axes
  1641 | D:3      | Reached XP level 5. HP: 30/45 MP: 5/5
  1697 | D:3      | HP: 2/45 [poisoned by an adder]
  1949 | D:3      | Reached skill level 7 in Axes
  2000 | D:3      | Found a snail-covered altar of Cheibriados.
  2135 | D:3      | Noticed a phantom
  2167 | D:3      | Killed a phantom
  2167 | D:3      | Reached skill level 8 in Axes
  2167 | D:3      | Reached XP level 6. HP: 35/51 MP: 6/6
  2332 | D:4      | HP: 2/51 [ogre/giant club (13)]
  2333 | D:4      | Reached skill level 9 in Axes
  2623 | D:4      | Found a basalt altar of Yredelemnul.
  2624 | D:4      | Found a burning altar of Makhleb.
  2631 | D:4      | Found a stormy altar of Qazlal.
  2634 | D:4      | Reached XP level 7. HP: 47/57 MP: 7/7
  2643 | D:4      | Became a worshipper of Qazlal Stormbringer
  2684 | D:4      | Got a ripped robe
  2703 | D:4      | Found an iron altar of Okawaru.
  2769 | D:4      | Noticed Natasha
  2777 | D:4      | Killed Natasha
  2792 | D:4      | Found a runed door.
  2802 | D:4      | Noticed Crazy Yiuf
  2815 | D:4      | Killed Crazy Yiuf
  2815 | D:4      | Reached skill level 10 in Axes
  3143 | D:4      | Noticed Ijyb
  3161 | D:4      | Killed Ijyb
  3287 | D:4      | Reached skill level 11 in Axes
  3288 | D:4      | Noticed Natasha
  3296 | D:4      | Killed Natasha
  3446 | D:4      | Noticed Natasha
  3451 | D:4      | Killed Natasha
  3451 | D:4      | Reached XP level 8. HP: 62/64 MP: 8/8
  3847 | D:5      | Entered Level 5 of the Dungeon
  3866 | D:5      | Reached skill level 12 in Axes
  3884 | D:5      | Found a staircase to the Ecumenical Temple.
  3897 | D:5      | Noticed Blork the orc
  3909 | D:5      | Killed Blork the orc
  4010 | D:5      | Noticed bgiannan's ghost (novice GrFi)
  4304 | D:5      | Killed bgiannan's ghost
  4304 | D:5      | Reached skill level 5 in Fighting
  4304 | D:5      | Reached skill level 5 in Armour
  4711 | D:5      | Reached XP level 9. HP: 67/75 MP: 9/9
  4753 | D:5      | Reached * piety under Qazlal
  5350 | D:6      | Noticed Duvessa
  5360 | D:6      | Killed Duvessa
  5363 | D:6      | Noticed Dowan
  5379 | D:6      | Killed Dowan
  5673 | D:6      | Gained mutation: You are frail. (-10% HP) [mutagenic meat]
  5674 | D:6      | Gained mutation: Your spells are a little easier to cast, but a little less powerful. [mutagenic meat]
  5675 | D:6      | Gained mutation: You are weak. (Str -2) [mutagenic meat]
  5676 | D:6      | Gained mutation: You are covered in fur. (AC +1) [mutagenic meat]
  5848 | D:7      | Noticed Joseph
  5866 | D:7      | Killed Joseph
  6416 | D:7      | Reached XP level 10. HP: 64/81 MP: 10/10
  6417 | D:7      | Found a sacrificial altar of Ru.
  6794 | D:7      | Reached ** piety under Qazlal
  7043 | D:8      | Noticed Grum
  7044 | D:8      | Noticed Erica
  7068 | D:7      | HP: 2/83 [killer bee (6)]
  7069 | D:7      | Succumbed to a killer bee's poison

Skill      XL: |  1  2  3  4  5  6  7  8  9 10 |
---------------+-------------------------------+-----
Axes           | 3 4 5 6 8 9 11 12 | 12.1
Fighting       | 6 9 |  9.9
Armour         | 5 8 9 |  9.0
Shields        | |  3.2

Action                   |  1- 3 |  4- 6 |  7- 9 | 10-12 || total
-------------------------+-------+-------+-------+-------++-------
Melee: War axe           |    89 |   214 |   106 |    11 ||   420
       Battleaxe         |       |       |   136 |    31 ||   167
Invok: Upheaval          |       |       |       |     1 ||     1
Evoke: Wand              |       |       |       |     3 ||     3
  Use: Potion            |       |     1 |     1 |       ||     2
       Scroll            |       |     2 |     5 |       ||     7
  Eat: Chunk             |     1 |     5 |    15 |     2 ||    23
       Royal jelly       |       |       |     1 |       ||     1
Armor: Plate armour      |    54 |    75 |       |       ||   129
       Ring mail         |       |    22 |    98 |    27 ||   147
Dodge: Dodged            |    10 |    46 |    92 |    15 ||   163
Block: Shield            |    40 |    85 |    34 |    14 ||   173
       Other             |       |       |     4 |       ||     4
